[Event "Titled Tuesday Blitz January 31 Early 2023"]
[White "EREBUNI91"]
[Black "Zahid, Sanatan"]
[BlackFideId "10201963"]
[WhiteElo "2542"]
[BlackElo "1930"]
[Result "0-1"]
[Round "05"]
[TimeControl "180+2"]
[Date "2023.01.31"]
[WhiteClock "0:00:04"]
[BlackClock "0:00:07"]

1. e4 e6 2. d4 d5 3. Nc3 Nf6 4. Bg5 Bb4 5. exd5 Qxd5 6. Bxf6 gxf6 7. Ne2 Qd8 8. Qd2 b6 9. a3 Be7 10. O-O-O Bb7 11. d5 e5 12. Ng3 Nd7 13. Nf5 Bd6 14. Ng7+ Ke7 15. Nf5+ Ke8 16. Bb5 h5 17. Ne4 Kf8 18. Nexd6 cxd6 19. Nxd6 Nc5 20. Nxb7 Nxb7 21. d6 Nc5 22. Bc4 b5 23. Qd5 bxc4 24. Qxc5 Rc8 25. Qxa7 c3 26. d7 cxb2+ 27. Kb1 Rc3 28. Kxb2 Rc6 29. Rd3 Ke7 30. Rhd1 Qb8+ 31. Qxb8 Rxb8+ 32. Rb3 Rd8 33. Rb7 Rd6 34. Rxd6 Kxd6 35. Ra7 Kc5 36. Ra6 Rxd7 37. Rxf6 Rb7+ 38. Kc3 Ra7 39. Rf5 Kd5 40. Kd2 h4 41. Rf3 Ke6 42. Rd3 Ra4 43. Kc3 Rxa3+ 44. Kd2 Ra1 45. Rh3 Rg1 46. g3 hxg3 47. hxg3 Rf1 48. Rh2 f6 49. Ke2 Rc1 50. Kd3 Rd1+ 51. Ke3 Re1+ 52. Kd3 Rd1+ 53. Kc4 Rd4+ 54. Kb5 Rd2 55. c4 Kd6 56. Kb4 Rb2+ 57. Kc3 Ra2 58. g4 Kc5 59. Kd3 Ra3+ 60. Ke4 Rc3 61. Kf5 Rf3+ 62. Ke6 Kxc4 63. Rg2 Kd4 64. Kf7 Kd5 65. Kg6 Ke6 66. Rh2 e4 67. Rg2 Ra3 68. Rh2 Ra2 69. Rh8 Rxf2 70. Re8+ Kd5 71. Rd8+ Ke5 72. Re8+ Kd4 73. Rd8+ Kc3 74. Re8 Kd3 75. Rd8+ Ke2 76. Rd6 e3 77. Re6 Kd2 78. Rd6+ Ke1 79. Ra6 e2 80. Ra1+ Kd2 81. Ra2+ Ke3 82. Ra3+ Kf4 83. Ra4+ Kg3 0-1


[Site "https://www.chess.com"]

[Event "Titled Tuesday Blitz January 31 Early 2023"]
[White "Tomaszewski, Kacper"]
[Black "Papasimakopoulos, Alexandros"]
[WhiteFideId "1127373"]
[BlackFideId "4244125"]
[WhiteElo "2313"]
[BlackElo "2401"]
[Result "0-1"]
[Round "05"]
[TimeControl "180+2"]
[Date "2023.01.31"]
[WhiteClock "0:00:03"]
[BlackClock "0:00:07"]

1. d4 e6 2. c4 Nf6 3. Nc3 Bb4 4. Bf4 c5 5. e3 Qa5 6. Ne2 cxd4 7. exd4 d5 8. a3 Be7 9. b4 Qd8 10. c5 O-O 11. Ng3 b6 12. Nb5 Ne8 13. Bd3 a5 14. O-O axb4 15. axb4 Rxa1 16. Qxa1 Nc6 17. Rb1 g5 18. Be3 f5 19. f4 bxc5 20. dxc5 gxf4 21. Bxf4 Nxb4 22. Rxb4 Bxc5+ 23. Rd4 Bd7 24. Be5 Qb6 25. Na3 Nd6 26. Kf1 Ra8 27. Qc1 Nf7 28. Rh4 Rxa3 29. Nh5 Be7 30. Bf6 Rxd3 31. Bxe7 Bb5 32. Nf6+ Kg7 33. Rxh7+ Kg6 34. Ke1 Re3+ 35. Kd1 Ba4+ 36. Kd2 Qd4# 0-1


[Site "https://www.chess.com"]

[Event "Titled Tuesday Blitz January 31 Early 2023"]
[White "Nigmatov, Ortik"]
[Black "Rangel, Daniel"]
[WhiteFideId "14202131"]
[BlackFideId "2124475"]
[WhiteElo "2438"]
[BlackElo "2207"]
[Result "1-0"]
[Round "05"]
[TimeControl "180+2"]
[Date "2023.01.31"]
[WhiteClock "0:01:29"]
[BlackClock "0:00:04"]

1. e4 c5 2. Nf3 g6 3. d4 cxd4 4. Nxd4 Bg7 5. Nc3 Nc6 6. Be3 Nf6 7. Bc4 O-O 8. Bb3 Re8 9. f3 e6 10. f4 d6 11. O-O a6 12. Kh1 Qc7 13. Qf3 Bd7 14. Rae1 Nxd4 15. Bxd4 Bc6 16. Qh3 b5 17. Qh4 e5 18. fxe5 dxe5 19. Be3 b4 20. Rxf6 Bxf6 21. Qxf6 Qe7 22. Qxe7 Rxe7 23. Nd5 Bxd5 24. exd5 Rd7 25. Bg5 Kg7 26. Bd2 a5 27. Rxe5 a4 28. Bc4 Rc8 29. b3 axb3 30. axb3 Ra8 31. h3 Ra2 32. Bxb4 Rxc2 33. Kh2 Rb7 34. Bc5 Rd7 35. d6 Rd2 36. b4 Kf6 37. Re3 Rb2 38. Bd4+ 1-0


[Site "https://www.chess.com"]

[Event "Titled Tuesday Blitz January 31 Early 2023"]
[White "Zochowski, Kacper"]
[Black "Skliarov, Viktor"]
[WhiteFideId "1125494"]
[BlackFideId "14106736"]
[WhiteElo "2262"]
[BlackElo "2383"]
[Result "1-0"]
[Round "05"]
[TimeControl "180+2"]
[Date "2023.01.31"]
[WhiteClock "0:00:11"]
[BlackClock "0:01:19"]

1. Nf3 g6 2. c4 Bg7 3. Nc3 Nf6 4. b3 d5 5. cxd5 Nxd5 6. Bb2 Nxc3 7. Bxc3 Bxc3 8. dxc3 Qxd1+ 9. Rxd1 O-O 10. e4 Bg4 11. Be2 Nc6 12. h3 Bxf3 13. Bxf3 Rfd8 14. Be2 a6 15. f4 e5 16. g3 Kf8 17. Kf2 Ke7 18. Ke3 b5 19. Rd5 f6 20. Rhd1 Rd6 21. a4 bxa4 22. bxa4 a5 23. Bb5 Na7 24. Bc4 Nc8 25. Rb1 Nb6 26. Rc5 Ra7 27. Bb5 exf4+ 28. gxf4 h6 29. c4 g5 30. e5 fxe5 31. Rxe5+ Re6 32. Rxe6+ Kxe6 33. fxg5 hxg5 34. Rg1 Kf6 35. Ke4 Nc8 36. Rf1+ Kg7 37. c5 Ne7 38. Ke5 c6 39. Bc4 Ng6+ 40. Kd6 Nf4 41. Rg1 Kf6 42. Rg3 Ra8 43. Kxc6 Rc8+ 44. Kb5 Nh5 45. Rf3+ Ke5 46. c6 Nf6 47. Kb6 Ne4 48. Re3 Kd4 49. Rxe4+ Kxe4 50. Kb7 Rh8 51. c7 Rh7 52. Kb8 Rxc7 53. Kxc7 Kd4 54. Be6 Kc5 55. Bg4 Kb4 56. Bd7 Kc5 57. Be8 Kb4 58. Kb6 Kc4 59. Kxa5 Kc5 60. Ka6 Kb4 61. Kb6 Kc4 62. a5 g4 63. hxg4 Kd4 64. g5 Ke5 65. g6 Kf6 66. a6 Kg7 67. a7 Kf6 68. a8=Q Kg5 69. Bc6 Kh6 70. Qh8+ Kxg6 71. Kc5 Kf5 72. Kd6 Kg6 73. Qe5 Kf7 74. Qe6+ Kg7 75. Qf5 Kg8 76. Qd7 Kh8 77. Ke5 Kg8 78. Kf6 Kh8 79. Qg7# 1-0


[Site "https://www.chess.com"]

[Event "Titled Tuesday Blitz January 31 Early 2023"]
[White "Llanos, Guillermo"]
[Black "Starozhilov, Leonid"]
[WhiteFideId "100358"]
[BlackFideId "14106752"]
[WhiteElo "2290"]
[BlackElo "2313"]
[Result "0-1"]
[Round "05"]
[TimeControl "180+2"]
[Date "2023.01.31"]
[WhiteClock "0:00:05"]
[BlackClock "0:00:05"]

1. Nf3 Nf6 2. c4 g6 3. Nc3 Bg7 4. e4 d6 5. d4 Bg4 6. Be3 O-O 7. Be2 a6 8. h3 Bxf3 9. Bxf3 Nfd7 10. Qd2 e5 11. d5 f5 12. Bg5 Bf6 13. Bxf6 Nxf6 14. exf5 gxf5 15. O-O-O Kh8 16. Kb1 Nbd7 17. g4 Ng8 18. gxf5 Rxf5 19. Bg4 Rf4 20. Qe2 Nb6 21. Ne4 Nf6 22. Ng5 Qe8 23. Ne6 Qg6+ 24. Ka1 Rxc4 25. Bf3 Rg8 26. h4 e4 27. h5 Qf5 28. Rhg1 exf3 29. Rxg8+ Kxg8 30. Qe3 Re4 31. Qh6 Rxe6 0-1


[Site "https://www.chess.com"]

[Event "Titled Tuesday Blitz January 31 Early 2023"]
[White "Agasarov, Benik"]
[Black "Ongut, Tamas Gunes"]
[WhiteFideId "13314823"]
[BlackFideId "770280"]
[WhiteElo "2235"]
[BlackElo "2299"]
[Result "1-0"]
[Round "05"]
[TimeControl "180+2"]
[Date "2023.01.31"]
[WhiteClock "0:01:09"]
[BlackClock "0:01:40"]

1. d4 d5 2. c4 e6 3. Nc3 c5 4. cxd5 cxd4 5. Qa4+ Bd7 6. Qxd4 exd5 7. Qxd5 Nf6 8. Qd1 Bc5 9. Nf3 O-O 10. e3 Qe7 11. Be2 Rd8 12. O-O Nc6 13. a3 Ne5 14. b4 Bd6 15. Bb2 Bg4 16. Nd4 Bxe2 17. Qxe2 Neg4 18. h3 Qe5 19. Nf3 Qh5 20. hxg4 Nxg4 21. g3 Rac8 22. Kg2 Be5 23. Rh1 Qf5 24. Nxe5 Nxe5 25. e4 Qf6 26. Nd5 Rxd5 27. exd5 Rc2 28. Qxc2 Qf3+ 29. Kg1 Nd3 30. Qc8# 1-0


[Site "https://www.chess.com"]

[Event "Titled Tuesday Blitz January 31 Early 2023"]
[White "Szpar, Milosz"]
[Black "Ljukin, Sergei"]
[WhiteFideId "1184989"]
[BlackFideId "14102200"]
[WhiteElo "2447"]
[BlackElo "2362"]
[Result "1-0"]
[Round "05"]
[TimeControl "180+2"]
[Date "2023.01.31"]
[WhiteClock "0:01:37"]
[BlackClock "0:00:31"]

1. e4 e6 2. d4 d5 3. Nc3 Bb4 4. e5 Ne7 5. Bd2 b6 6. h4 Ba6 7. h5 h6 8. Bxa6 Nxa6 9. Qg4 Nf5 10. Qf4 c5 11. dxc5 bxc5 12. Nf3 Rb8 13. g4 Ne7 14. b3 Qa5 15. Na4 Bxd2+ 16. Qxd2 Qxd2+ 17. Kxd2 O-O 18. Ne1 f6 19. exf6 Rxf6 20. Ke3 e5 21. Nd3 d4+ 22. Ke4 Rxf2 23. Nxf2 1-0


[Site "https://www.chess.com"]

[Event "Titled Tuesday Blitz January 31 Early 2023"]
[White "Vlassov, Nikolai"]
[Black "Zong, Davis"]
[WhiteFideId "4103360"]
[BlackFideId "30903955"]
[WhiteElo "2283"]
[BlackElo "2151"]
[Result "1-0"]
[Round "05"]
[TimeControl "180+2"]
[Date "2023.01.31"]
[WhiteClock "0:00:52"]
[BlackClock "0:00:06"]

1. e4 e5 2. Bc4 Nf6 3. d3 Be7 4. f4 d6 5. Nf3 Nc6 6. Nc3 Bg4 7. h3 Bxf3 8. Qxf3 Nd4 9. Qg3 Nh5 10. Qg4 Bh4+ 11. Kd1 g6 12. fxe5 dxe5 13. Rf1 f6 14. Qxh4 Qe7 15. Nd5 Qd6 16. g4 c6 17. Nxf6+ Nxf6 18. Rxf6 Qe7 19. Bg5 Qb4 20. Bf7+ Kd7 21. Bb3 Raf8 22. c3 Qb5 23. Qg3 Nxb3 24. axb3 Qxb3+ 25. Kc1 Rxf6 26. Bxf6 Qb6 27. Bxh8 1-0


[Site "https://www.chess.com"]

[Event "Titled Tuesday Blitz January 31 Early 2023"]
[White "Kochetov, Andrey"]
[Black "Darini, Pouria"]
[WhiteFideId "24130532"]
[BlackFideId "12502200"]
[WhiteElo "2165"]
[BlackElo "2401"]
[Result "0-1"]
[Round "05"]
[TimeControl "180+2"]
[Date "2023.01.31"]
[WhiteClock "0:00:02"]
[BlackClock "0:00:06"]

1. e4 e5 2. Nf3 Nc6 3. Bc4 Bc5 4. c3 Nf6 5. d3 a5 6. O-O d6 7. Nbd2 O-O 8. h3 Ba7 9. Re1 Re8 10. Nf1 Be6 11. Bb5 h6 12. Be3 Bxe3 13. Nxe3 Bd7 14. Qd2 Ne7 15. a4 Ng6 16. Bxd7 Qxd7 17. Nc4 b6 18. d4 Qc6 19. dxe5 dxe5 20. Qe2 Nh5 21. g3 Nf6 22. b3 Nd7 23. h4 f6 24. Rad1 Nc5 25. Qc2 Rad8 26. Rd5 Ne7 27. Rd2 Rxd2 28. Nfxd2 Rd8 29. Nf1 Nxa4 30. Nfe3 Nc5 31. g4 Qxe4 32. Qc1 Nd3 33. Qd2 Nd5 34. Rd1 N5f4 35. Qc2 Qf3 36. Nb2 Nh3+ 37. Kf1 Qh1+ 38. Ke2 Ndf4# 0-1


[Site "https://www.chess.com"]

[Event "Titled Tuesday Blitz January 31 Early 2023"]
[White "Cunha, Lucas Aguiar"]
[Black "Ronka, Erik"]
[WhiteFideId "2125404"]
[BlackFideId "505080"]
[WhiteElo "2309"]
[BlackElo "2276"]
[Result "0-1"]
[Round "05"]
[TimeControl "180+2"]
[Date "2023.01.31"]
[WhiteClock "0:00:11"]
[BlackClock "0:00:04"]

1. e4 c5 2. Nf3 b6 3. d4 cxd4 4. Nxd4 Bb7 5. Nc3 a6 6. Bg5 Qc7 7. Qd2 e6 8. f3 Nf6 9. O-O-O Bb4 10. a3 Bxc3 11. Qxc3 Qxc3 12. bxc3 d5 13. exd5 Bxd5 14. Nf5 Nbd7 15. c4 Bc6 16. Nd4 Bb7 17. Be2 O-O 18. Rd2 Rac8 19. Rhd1 Ne5 20. Nb3 Nxc4 21. Bxc4 Rxc4 22. Rd6 Bd5 23. Rxb6 Rfc8 24. Nd4 e5 25. Nf5 Rxc2+ 26. Kb1 Ba2+ 27. Ka1 Kf8 28. Rxf6 gxf6 29. Bh6+ Ke8 30. Nd6+ Kd7 31. Nxc8+ Kxc8 32. g3 Be6 33. Bg7 Rxh2 34. Bxf6 Re2 35. Rc1+ Kd7 36. Rd1+ Kc6 37. Rh1 Kb5 38. Rh4 Rf2 39. Bxe5 a5 40. Rxh7 Rxf3 41. Kb2 Rf2+ 42. Kc3 Rf3+ 43. Kb2 Rb3+ 44. Kc2 Rxa3 45. Bc3 Ra2+ 46. Kc1 Rg2 47. Be1 a4 48. Rh5+ Kc4 49. Ra5 Kb3 50. Rb5+ Ka3 51. Bb4+ Ka2 52. Bd6 Bb3 53. Bf4 Rc2+ 54. Kd1 Rc5+ 55. Ke1 Rxb5 0-1


[Site "https://www.chess.com"]

[Event "Titled Tuesday Blitz January 31 Early 2023"]
[White "Mirzoev, Azer"]
[Black "Bochnicka, Vladimir"]
[WhiteFideId "13400304"]
[BlackFideId "14943450"]
[WhiteElo "2416"]
[BlackElo "2327"]
[Result "1-0"]
[Round "05"]
[TimeControl "180+2"]
[Date "2023.01.31"]
[WhiteClock "0:02:04"]
[BlackClock "0:00:37"]

1. c4 c5 2. Nc3 Nc6 3. g3 g6 4. Bg2 Bg7 5. a3 e5 6. b4 cxb4 7. axb4 Nxb4 8. Ba3 Nc6 9. Nb5 Nge7 10. Nd6+ Kf8 11. Nf3 h6 12. O-O Bf6 13. Rb1 Kg7 14. Ne4 Nf5 15. Nxf6 Qxf6 16. d3 Rd8 17. Nd2 d6 18. Ne4 Qe7 19. Qd2 Be6 20. f4 Rab8 21. fxe5 Nxe5 22. Bb2 Qc7 23. Kh1 d5 24. Qf4 f6 25. Nxf6 Kxf6 26. cxd5 Bxd5 27. e4 Be6 28. d4 Kg7 29. exf5 Bxf5 30. Rbe1 Qc2 31. Qxe5+ 1-0


[Site "https://www.chess.com"]

[Event "Titled Tuesday Blitz January 31 Early 2023"]
[White "Dehtiarov, Roman"]
[Black "Ramirez Allo, Eduardo"]
[WhiteFideId "14186640"]
[BlackFideId "2224178"]
[WhiteElo "2289"]
[BlackElo "2274"]
[Result "1-0"]
[Round "05"]
[TimeControl "180+2"]
[Date "2023.01.31"]
[WhiteClock "0:00:06"]
[BlackClock "0:00:07"]

1. e4 c5 2. Nc3 a6 3. f4 b5 4. Nf3 Bb7 5. d3 e6 6. g3 Nf6 7. Bg2 d6 8. O-O Be7 9. h3 O-O 10. g4 Nc6 11. Be3 Nd7 12. Ne2 Rc8 13. Ng3 Qb6 14. Qd2 Nd4 15. c3 Nxf3+ 16. Bxf3 Qc7 17. Qg2 b4 18. g5 c4 19. d4 bxc3 20. bxc3 Rfe8 21. h4 Bf8 22. h5 g6 23. hxg6 hxg6 24. Rab1 Rb8 25. e5 Bxf3 26. Qxf3 d5 27. f5 Rxb1 28. Rxb1 Rb8 29. Rxb8 Qxb8 30. fxe6 fxe6 31. Ne2 Qb1+ 32. Qf1 Qxf1+ 33. Kxf1 Be7 34. Kg2 Kf7 35. Kf3 Nf8 36. Kg4 Ke8 37. Nf4 Kd7 38. Kf3 Bxg5 39. Nxd5 exd5 40. Bxg5 Ne6 41. Kg4 Kc6 42. Be7 Kb5 43. Kf3 Ka4 44. Ke3 Ng7 45. Bf8 Ne6 46. Bd6 Kb5 47. Kf3 Kc6 48. Be7 Kd7 49. Bb4 Ng7 50. Kg4 Ke6 51. Kg5 Kf7 52. Bd6 Ne6+ 53. Kg4 Kg7 54. Be7 Kh6 55. Bf6 Nf8 56. Bg5+ Kg7 57. Bf6+ Kf7 58. Kg5 Ne6+ 59. Kg4 Kg8 60. Bh4 Kh7 61. Be1 Kh6 62. Bd2+ Kg7 63. Be3 Kf7 64. Kf3 Ke7 65. Ke2 Kd7 66. Kf3 Kc6 67. Kg4 Kb5 68. Bc1 Ka4 69. Kh4 Kb5 70. Kh3 Kc6 71. Kg3 Kd7 72. Kg4 Ke7 73. Bd2 Kf7 74. Kf3 g5 75. Kg4 Kg6 76. Bc1 a5 77. a4 Ng7 78. Bxg5 Nf5 79. e6 Nd6 80. Kf4 Ne4 81. Bd8 Nxc3 82. Bxa5 Ne2+ 83. Ke5 c3 84. Kxd5 c2 85. Bd2 Kf6 86. a5 Ke7 87. a6 Nc3+ 88. Kc4 Na4 89. d5 Nb6+ 90. Kc5 Na8 91. Kc6 Kd8 92. d6 Ke8 93. d7+ Kd8 94. Bg5# 1-0


[Site "https://www.chess.com"]

[Event "Titled Tuesday Blitz January 31 Early 2023"]
[White "Turzo, Attila"]
[Black "Leiva, Gianmarco"]
[WhiteFideId "704954"]
[BlackFideId "3804399"]
[WhiteElo "2279"]
[BlackElo "2392"]
[Result "0-1"]
[Round "05"]
[TimeControl "180+2"]
[Date "2023.01.31"]
[WhiteClock "0:00:04"]
[BlackClock "0:00:05"]

1. d4 Nf6 2. c4 e6 3. Nf3 d5 4. Nc3 a6 5. c5 b6 6. cxb6 c5 7. Bf4 Bd6 8. Bxd6 Qxd6 9. dxc5 Qxc5 10. Qd4 Nbd7 11. Qxc5 Nxc5 12. a4 a5 13. Rb1 Bd7 14. b4 axb4 15. Rxb4 Ke7 16. e3 Rhb8 17. Be2 Nxa4 18. Nxa4 Rxa4 19. Rb1 Ne4 20. Bd3 Nc3 21. Rc1 Rxb6 22. O-O Ra3 23. h4 h6 24. h5 f6 25. Rc2 Ba4 26. Rd2 e5 27. Bf5 Bd7 28. Nh4 Be8 29. Bg4 Rab3 30. Rc1 Rb1 31. Rxb1 Rxb1+ 32. Kh2 Bf7 33. Nf5+ Kf8 34. Nd6 Rb4 35. Rc2 Rxg4 36. Rxc3 Bxh5 37. Rc7 d4 38. e4 Rg5 39. f3 Bg6 40. Rd7 Kg8 41. Nc8 Kh7 42. Ne7 h5 43. Kh3 h4 44. Kxh4 Rxg2 45. Nc6 Rg1 46. Nd8 Be8 47. Re7 Bb5 48. Ne6 Be2 49. Nf8+ Kg8 50. Ne6 Bxf3 51. Nc5 Kh7 52. Rd7 Rg4+ 53. Kh3 Rg1 54. Kh2 Rc1 55. Kg3 Rxc5 56. Kxf3 Rc3+ 57. Kf2 Re3 58. Rd8 Rxe4 59. Rd7 Re3 0-1


[Site "https://www.chess.com"]

[Event "Titled Tuesday Blitz January 31 Early 2023"]
[White "Alex_Sahakyan2006"]
[Black "Zacurdajev, Dmitry"]
[BlackFideId "4196309"]
[WhiteElo "2661"]
[BlackElo "2273"]
[Result "1-0"]
[Round "05"]
[TimeControl "180+2"]
[Date "2023.01.31"]
[WhiteClock "0:00:50"]
[BlackClock "0:00:06"]

1. g3 d5 2. Bg2 Nf6 3. d3 e5 4. Nf3 Bd6 5. O-O c5 6. c4 d4 7. b4 cxb4 8. a3 bxa3 9. Bxa3 O-O 10. Bxd6 Qxd6 11. Na3 a6 12. Qb3 Nc6 13. Rfb1 Re8 14. Nd2 Rb8 15. Ne4 Nxe4 16. Bxe4 Bg4 17. Ra2 Kh8 18. Qb6 f5 19. Bd5 e4 20. Nc2 Bxe2 21. Nxd4 Bxd3 22. Rd1 Qe5 23. Nxc6 bxc6 24. Qxc6 Bb1 25. Re2 f4 26. Rde1 Bd3 27. Rxe4 Bxe4 28. Rxe4 Rb1+ 29. Kg2 f3+ 30. Kxf3 Rf8+ 31. Kg2 Qa1 32. Rf4 Rg1+ 33. Kh3 Qa3 34. c5 Rb8 35. Qd6 Rg8 36. Rf8 1-0


[Site "https://www.chess.com"]

[Event "Titled Tuesday Blitz January 31 Early 2023"]
[White "Khamdamova, Afruza"]
[Black "Samant Aditya S"]
[WhiteFideId "14210444"]
[BlackFideId "35080580"]
[WhiteElo "2162"]
[BlackElo "2501"]
[Result "0-1"]
[Round "05"]
[TimeControl "180+2"]
[Date "2023.01.31"]
[WhiteClock "0:00:20"]
[BlackClock "0:00:09"]

1. e4 d6 2. d4 Nf6 3. Nc3 e5 4. Nf3 Nbd7 5. Bc4 Be7 6. O-O O-O 7. Re1 a6 8. a4 b6 9. Nd5 Bb7 10. Nxe7+ Qxe7 11. Bg5 h6 12. Bh4 g5 13. dxe5 dxe5 14. Bg3 Nxe4 15. Qd3 Ndc5 16. Qe3 Nxg3 17. hxg3 e4 18. Nd4 Qf6 19. b4 Nd7 20. Rad1 Ne5 21. Bb3 c5 22. bxc5 bxc5 23. Ne2 Rac8 24. Nc3 c4 25. Ba2 Ng4 26. Qe2 Qxc3 27. Qxg4 Qxc2 28. Bb1 Qxa4 29. Bxe4 Bxe4 30. Rxe4 Qc6 31. Re2 Rfd8 32. Rc1 Qd7 33. Qh5 Kg7 34. Rec2 Qe6 35. Qf3 Qf6 36. Rxc4 Rxc4 37. Rxc4 Qxf3 38. gxf3 Ra8 39. Ra4 a5 40. Kf1 Kf6 41. Ke2 Ke5 42. Ke3 Kd5 43. Kd3 Kc5 44. Kc3 Kb5 45. Kb3 Rd8 46. Ra2 Rd3+ 47. Kc2 Rxf3 48. Kb1 a4 49. Rb2+ Rb3 0-1


[Site "https://www.chess.com"]

[Event "Titled Tuesday Blitz January 31 Early 2023"]
[White "Vagman, Roy"]
[Black "Taspinar, Yanki"]
[WhiteFideId "2828995"]
[BlackFideId "34561188"]
[WhiteElo "2273"]
[BlackElo "2262"]
[Result "0-1"]
[Round "05"]
[TimeControl "180+2"]
[Date "2023.01.31"]
[WhiteClock "0:00:13"]
[BlackClock "0:00:18"]

1. Nf3 Nf6 2. g3 c5 3. Bg2 g6 4. O-O Bg7 5. e3 O-O 6. d4 d5 7. dxc5 Na6 8. Nc3 Nxc5 9. Qe2 b6 10. Rd1 Ba6 11. Qe1 e6 12. Nd4 Qe7 13. b3 Rac8 14. Bb2 Rfd8 15. a4 Nfe4 16. Nxe4 Nxe4 17. Bxe4 dxe4 18. c4 h5 19. Qc3 Qg5 20. h4 Qg4 21. Qc2 Bb7 22. Rd2 Rd7 23. Rad1 Rcd8 24. Ne2 Rd3 25. Bxg7 Kxg7 26. Nf4 Qf3 27. Qb2+ Kg8 28. Qc1 e5 29. Ng2 Qxd1+ 30. Qxd1 Rxd2 31. Qf1 Rd1 32. Ne1 R8d2 33. Kg2 a5 34. c5 bxc5 35. Qb5 Bc8 36. Qe8+ Kg7 37. Qxe5+ Kh7 38. Qxc5 Bg4 39. Qe7 Be6 40. Qg5 Rxe1 41. Qxa5 Ree2 42. Kg1 Rxf2 43. Qc5 Rg2+ 44. Kf1 Rh2 45. Ke1 Rc2 46. Qxc2 Rxc2 47. b4 Rb2 48. b5 Rb4 49. b6 Rxb6 50. a5 Ra6 51. g4 Rxa5 52. g5 Ra2 53. Kf1 Bh3+ 54. Kg1 Kg8 55. Kh1 Kf8 56. Kg1 Ke7 57. Kh1 Ke6 58. Kg1 Ke5 59. Kh1 Kf5 60. Kg1 Kg4 61. Kh1 Kg3 62. Kg1 Ra1# 0-1


[Site "https://www.chess.com"]

[Event "Titled Tuesday Blitz January 31 Early 2023"]
[White "Piesik, Piotr"]
[Black "Bambino Filho, Antonio Carlos"]
[WhiteFideId "1136194"]
[BlackFideId "2113163"]
[WhiteElo "2426"]
[BlackElo "2144"]
[Result "1-0"]
[Round "05"]
[TimeControl "180+2"]
[Date "2023.01.31"]
[WhiteClock "0:00:30"]
[BlackClock "0:00:39"]

1. Nf3 c5 2. e4 e6 3. c3 d5 4. exd5 exd5 5. d4 Bd6 6. Be2 Nc6 7. O-O Nge7 8. dxc5 Bxc5 9. Nbd2 O-O 10. Nb3 Bd6 11. Nbd4 Bg4 12. Be3 Re8 13. Re1 a6 14. Qd2 Qc7 15. g3 Nf5 16. Nxf5 Bxf5 17. Qxd5 Be4 18. Qh5 g6 19. Qh6 Bf8 20. Qh4 f6 21. Bc4+ Kh8 22. Nd4 g5 23. Qg4 Bg6 24. Nxc6 Qxc6 25. Bd4 Bg7 26. Bf1 Be4 27. Re3 h6 28. Rae1 f5 29. Bxg7+ Kxg7 30. Qh5 g4 31. Bg2 Rad8 32. Bxe4 1-0


[Site "https://www.chess.com"]

[Event "Titled Tuesday Blitz January 31 Early 2023"]
[White "Matt, Fabian"]
[Black "Belozerov, Andrei"]
[WhiteFideId "1623303"]
[BlackFideId "4120213"]
[WhiteElo "2308"]
[BlackElo "2461"]
[Result "0-1"]
[Round "05"]
[TimeControl "180+2"]
[Date "2023.01.31"]
[WhiteClock "0:00:01"]
[BlackClock "0:00:18"]

1. d4 d5 2. c4 e6 3. Nf3 Nf6 4. g3 dxc4 5. Bg2 a6 6. a4 Nc6 7. O-O Rb8 8. a5 b5 9. axb6 cxb6 10. Nc3 b5 11. e4 Be7 12. d5 exd5 13. exd5 Nb4 14. Bf4 Rb6 15. Ne5 O-O 16. Nc6 Nxc6 17. dxc6 Be6 18. Be3 Qc7 19. Qd4 Rxc6 20. Bxc6 Qxc6 21. Rfd1 h6 22. Qb6 Qf3 23. Rxa6 b4 24. Qc6 Qxc6 25. Rxc6 bxc3 26. bxc3 Ra8 27. Bd4 Nd5 28. Re1 Bf6 29. Bxf6 Nxf6 30. Rc7 Ra3 31. Re3 Ra1+ 32. Kg2 Nd5 33. Rxe6 fxe6 34. Rxc4 Ra2 35. Re4 Kf7 36. c4 Nf6 37. Rf4 Rc2 38. h4 e5 39. Rf5 Ke6 40. Rf3 Rxc4 41. Ra3 Rc7 42. Ra6+ Kf5 43. f3 Rc2+ 44. Kh3 Rf2 45. Ra3 g5 46. hxg5 hxg5 47. g4+ Kf4 48. Ra4+ Kxf3 49. Rf4+ gxf4 50. g5 Ne4 0-1


[Site "https://www.chess.com"]

[Event "Titled Tuesday Blitz January 31 Early 2023"]
[White "Donskov, Anatoly"]
[Black "Kononenko, Dmitry"]
[WhiteFideId "24143413"]
[BlackFideId "14113538"]
[WhiteElo "2279"]
[BlackElo "2256"]
[Result "1-0"]
[Round "05"]
[TimeControl "180+2"]
[Date "2023.01.31"]
[WhiteClock "0:02:57"]
[BlackClock "0:02:35"]

1. e4 c6 2. d4 d5 3. Nc3 dxe4 4. Nxe4 Bf5 5. Ng3 Bg6 6. Nh3 Nf6 7. Nf4 e5 8. dxe5 Qa5+ 9. c3 Qxe5+ 10. Be2 Nbd7 11. O-O O-O-O 12. Qa4 Bc5 13. Nxg6 hxg6 14. Bf4 Qe7 15. Qxc6+ bxc6 16. Ba6# 1-0


[Site "https://www.chess.com"]

[Event "Titled Tuesday Blitz January 31 Early 2023"]
[White "Kvaloy, Aksel Bu"]
[Black "Myshakov, Fyodor"]
[WhiteFideId "1528815"]
[BlackFideId "14111284"]
[WhiteElo "2321"]
[BlackElo "2292"]
[Result "1-0"]
[Round "05"]
[TimeControl "180+2"]
[Date "2023.01.31"]
[WhiteClock "0:00:08"]
[BlackClock "0:00:14"]

1. d4 d5 2. c4 dxc4 3. Nf3 Nf6 4. e3 e6 5. Bxc4 c5 6. O-O a6 7. a4 Nc6 8. Nc3 cxd4 9. exd4 Nb4 10. Bg5 Be7 11. Qb3 Nbd5 12. Bxd5 Nxd5 13. Nxd5 Bxg5 14. Nxg5 Qxd5 15. Qxd5 exd5 16. Rfe1+ Kf8 17. Re5 h6 18. Rxd5 Bg4 19. Ne4 Be6 20. Rc5 Rd8 21. d5 Bf5 22. Nc3 Rc8 23. Rxc8+ Bxc8 24. Re1 f6 25. d6 Rg8 26. Re7 g5 27. Rc7 Bf5 28. Rxb7 Rg7 29. Rxg7 Kxg7 30. a5 Kf7 31. Na4 Ke6 32. Nc5+ Kxd6 33. Nxa6 Kc6 34. b4 Kb5 35. Nc7+ Kc6 36. Ne8 Be6 37. Nxf6 Kb5 38. h3 Bc8 39. Ng8 h5 40. Nf6 h4 41. Nh7 g4 42. hxg4 Bxg4 43. f3 Bc8 44. Kh2 Kxb4 45. Nf8 h3 46. g4 Kxa5 47. Kxh3 Kb6 48. Kh4 Kc7 49. Kg5 Kd8 50. Kf6 Ke8 51. Ng6 Bb7 52. f4 Bf3 53. g5 Bh5 54. f5 Be2 55. Kg7 Bd3 56. f6 Bc4 57. Ne5 Be6 58. g6 Bd5 59. f7+ Bxf7 60. gxf7+ Ke7 61. f8=Q+ Ke6 62. Qf6+ Kd5 63. Nf7 Ke4 64. Qe5+ Kd3 65. Qf4 Ke2 66. Qg3 Kd2 67. Qf3 Kc2 68. Qe3 Kd1 69. Qf2 Kc1 70. Ne5 Kb1 71. Nc4 Kc1 72. Qd2+ 1-0


[Site "https://www.chess.com"]

[Event "Titled Tuesday Blitz January 31 Early 2023"]
[White "Arenas, David"]
[Black "Bouget, Alexandre"]
[WhiteFideId "4403177"]
[BlackFideId "681318"]
[WhiteElo "2426"]
[BlackElo "2267"]
[Result "0-1"]
[Round "05"]
[TimeControl "180+2"]
[Date "2023.01.31"]
[WhiteClock "0:00:18"]
[BlackClock "0:00:13"]

1. e4 e5 2. Nf3 Nc6 3. Bb5 a6 4. Ba4 Nf6 5. O-O Be7 6. Re1 b5 7. Bb3 O-O 8. d4 Nxd4 9. Bxf7+ Rxf7 10. Nxe5 Rf8 11. Qxd4 Bb7 12. Nc3 d6 13. Nf3 c5 14. Qd3 Kh8 15. Bg5 Ng4 16. Bxe7 Qxe7 17. Nd5 Qf7 18. Qd2 Qh5 19. h3 Rxf3 20. gxf3 Ne5 21. Re3 Nxf3+ 22. Rxf3 Qxf3 23. Qe3 Qf7 24. Rd1 Re8 25. Qg3 Re6 26. Kh2 h6 27. f3 Rg6 28. Qf2 Bxd5 29. Rxd5 Qf4+ 30. Kh1 Rg3 31. Rh5 Rxf3 32. Qg3 Rxg3 0-1


[Site "https://www.chess.com"]

[Event "Titled Tuesday Blitz January 31 Early 2023"]
[White "Tymrakiewicz, Rafal"]
[Black "Korchmar, Vasiliy"]
[WhiteFideId "1108832"]
[BlackFideId "24131750"]
[WhiteElo "2144"]
[BlackElo "2438"]
[Result "1/2-1/2"]
[Round "05"]
[TimeControl "180+2"]
[Date "2023.01.31"]
[WhiteClock "0:00:08"]
[BlackClock "0:00:44"]

1. d4 d5 2. Bg5 Nf6 3. e3 Nbd7 4. Nf3 g6 5. c4 e6 6. Nc3 c6 7. Be2 Bg7 8. O-O O-O 9. b4 h6 10. Bh4 g5 11. Bg3 Nh5 12. cxd5 Nxg3 13. hxg3 exd5 14. Rc1 a6 15. a4 b5 16. Nb1 Nb6 17. Rxc6 Bd7 18. axb5 Bxc6 19. bxc6 Qc7 20. Qc2 Rfc8 21. Rc1 g4 22. Nh4 h5 23. Qf5 Qd6 24. Qxh5 Rxc6 25. Rc5 Na4 26. Qxg4 Nxc5 27. bxc5 Qf6 28. Nc3 Rd8 29. Bf3 Rxc5 30. dxc5 Qxc3 31. Nf5 a5 32. c6 Kf8 33. c7 Re8 34. Nxg7 Qxg7 35. c8=Q Rxc8 36. Qxc8+ Ke7 37. Qc7+ Ke6 38. Qc6+ Ke7 39. Qc7+ Ke6 40. Qc6+ Ke7 41. Bxd5 Qa1+ 42. Kh2 Qh8+ 43. Kg1 Qa1+ 44. Kh2 Qh8+ 45. Kg1 Qa1+ 1/2-1/2


[Site "https://www.chess.com"]